[ AOE2 MATCH · #505434130 ]
UnrankedJapanese vs Britons
Player's team · WIN
Rival team · LOSS
[ REPLAY ANALYSIS · EXTRACTED FROM THE RECORDED GAME ]
Feudal
9:01
Castle
27:11
Imperial
—
| APM avg | 62.7 |
| APM peak | 97 |
| eAPM avg | 26.5 |
| Villagers / military | 148 / 76 |
Focus
⚔️ 27.7% · 🌾 72.3%
Knight ×36 · Militia ×14 · Skirmisher ×11 · Mangonel ×9 · Monk ×3 · Scorpion ×2
Feudal
8:27
Castle
21:16
Imperial
—
| APM avg | 75.6 |
| APM peak | 132 |
| eAPM avg | 26.4 |
| Villagers / military | 97 / 72 |
Focus
⚔️ 37.3% · 🌾 62.7%
Archer ×62 · Skirmisher ×5 · Battering Ram ×4 · Mangonel ×1
Match map
Initial resources + every placement click. Lines = walls · curves = elevation contours. ◆ gold · ⬟ stone · ● berries · ✦ relic · ◌ wall gap
Your base· Open — 2t gap
Sapfiros's base· Open — 1t gap
Smoothed initial terrain · ◌ = detected wall gap · hover for details
Inputs per minute
— 新竹 - - Sapfiros
Build order — 新竹
First 150 of 349 actions detected
| 0:00 | Create | Villager (Male) |
| 0:01 | Create | Villager (Male) |
| 0:01 | Create | Villager (Male) |
| 0:04 | Build | House |
| 0:14 | Build | House |
| 0:17 | Create | Villager (Male) |
| 0:18 | Create | Villager (Male) |
| 1:31 | Create | Villager (Male) |
| 1:32 | Create | Villager (Male) |
| 1:32 | Create | Villager (Male) |
| 1:50 | Create | Villager (Male) |
| 1:50 | Create | Villager (Male) |
| 1:50 | Create | Villager (Male) |
| 2:13 | Build | Lumber Camp |
| 2:35 | Create | Villager (Male) |
| 2:35 | Create | Villager (Male) |
| 2:36 | Create | Villager (Male) |
| 2:36 | Create | Villager (Male) |
| 2:58 | Create | Villager (Male) |
| 2:58 | Create | Villager (Male) |
| 2:59 | Create | Villager (Male) |
| 3:27 | Create | Villager (Male) |
| 3:27 | Create | Villager (Male) |
| 3:27 | Create | Villager (Male) |
| 3:28 | Create | Villager (Male) |
| 3:37 | Build | House |
| 3:45 | Create | Villager (Male) |
| 3:45 | Create | Villager (Male) |
| 3:45 | Create | Villager (Male) |
| 3:45 | Create | Villager (Male) |
| 4:13 | Create | Villager (Male) |
| 4:14 | Create | Villager (Male) |
| 4:14 | Create | Villager (Male) |
| 4:14 | Create | Villager (Male) |
| 4:30 | Create | Villager (Male) |
| 4:31 | Create | Villager (Male) |
| 4:39 | Create | Villager (Male) |
| 4:39 | Create | Villager (Male) |
| 4:39 | Create | Villager (Male) |
| 4:40 | Create | Villager (Male) |
| 4:47 | Build | Mining Camp |
| 5:06 | Create | Villager (Male) |
| 5:06 | Create | Villager (Male) |
| 5:23 | Create | Villager (Male) |
| 5:23 | Create | Villager (Male) |
| 5:24 | Create | Villager (Male) |
| 5:48 | Build | Palisade Wall |
| 6:01 | Research | Loom |
| 6:01 | Research | Loom |
| 6:02 | Research | Loom |
| 6:51 | Research | Feudal Age |
| 6:51 | Research | Feudal Age |
| 6:51 | Research | Feudal Age |
| 6:53 | Build | House |
| 7:27 | Build | Mill |
| 7:29 | Create | Villager (Male) |
| 7:30 | Build | House |
| 7:41 | Build | Barracks |
| 8:13 | Create | Militia ×3 |
| 8:13 | Create | Militia ×3 |
| 8:13 | Create | Militia |
| 8:59 | Create | Villager (Male) |
| 9:01 | Age | Feudal Age |
| 9:05 | Build | Watch Tower |
| 9:06 | Research | Man-at-Arms (upgrade) |
| 9:07 | Research | Man-at-Arms (upgrade) |
| 9:07 | Research | Man-at-Arms (upgrade) |
| 9:27 | Create | Villager (Male) |
| 9:28 | Create | Villager (Male) |
| 9:28 | Create | Villager (Male) |
| 9:28 | Create | Villager (Male) |
| 9:33 | Build | House |
| 9:43 | Create | Villager (Male) |
| 9:43 | Create | Villager (Male) |
| 9:44 | Create | Villager (Male) |
| 9:44 | Create | Villager (Male) |
| 9:54 | Build | Palisade Wall |
| 9:55 | Build | Palisade Wall |
| 10:14 | Create | Villager (Male) |
| 10:20 | Build | Mining Camp |
| 10:43 | Create | Villager (Male) |
| 10:43 | Create | Villager (Male) |
| 10:43 | Create | Villager (Male) |
| 10:56 | Build | Archery Range |
| 11:07 | Create | Villager (Male) |
| 11:07 | Create | Villager (Male) |
| 11:17 | Create | Militia |
| 11:38 | Create | Skirmisher |
| 11:38 | Create | Skirmisher |
| 11:38 | Create | Skirmisher |
| 11:50 | Create | Villager (Male) |
| 11:50 | Create | Villager (Male) |
| 11:50 | Create | Villager (Male) |
| 12:13 | Create | Villager (Male) |
| 12:13 | Create | Villager (Male) |
| 12:17 | Build | Watch Tower |
| 12:28 | Create | Villager (Male) |
| 12:28 | Create | Villager (Male) |
| 12:42 | Research | Double-Bit Axe |
| 12:42 | Research | Double-Bit Axe |
| 12:43 | Research | Double-Bit Axe |
| 13:07 | Create | Skirmisher |
| 13:17 | Create | Villager (Male) |
| 13:21 | Build | House |
| 13:31 | Build | Blacksmith |
| 13:57 | Create | Militia |
| 14:00 | Create | Villager (Male) |
| 14:00 | Create | Villager (Male) |
| 14:01 | Create | Villager (Male) |
| 14:01 | Create | Villager (Male) |
| 14:01 | Create | Villager (Male) |
| 14:23 | Research | Scale Mail Armor |
| 14:23 | Research | Scale Mail Armor |
| 14:25 | Create | Villager (Male) |
| 14:25 | Create | Villager (Male) |
| 14:48 | Research | Fletching |
| 14:48 | Research | Fletching |
| 14:48 | Research | Fletching |
| 14:50 | Create | Skirmisher |
| 14:50 | Create | Skirmisher |
| 14:57 | Build | Mill |
| 15:05 | Create | Villager (Male) |
| 15:05 | Create | Villager (Male) |
| 15:05 | Create | Villager (Male) |
| 15:05 | Create | Villager (Male) |
| 15:08 | Build | House |
| 15:11 | Build | Mill |
| 15:20 | Build | Mining Camp |
| 15:25 | Build | Watch Tower |
| 15:31 | Create | Skirmisher |
| 15:31 | Create | Skirmisher |
| 15:41 | Create | Villager (Male) |
| 15:41 | Create | Villager (Male) |
| 15:41 | Create | Villager (Male) |
| 16:22 | Create | Villager (Male) |
| 16:24 | Build | Farm |
| 16:25 | Build | Farm |
| 16:27 | Build | House |
| 16:30 | Build | House |
| 16:31 | Build | House |
| 16:39 | Create | Skirmisher |
| 16:40 | Create | Militia |
| 16:40 | Create | Militia |
| 16:42 | Create | Villager (Male) |
| 16:43 | Create | Villager (Male) |
| 16:43 | Create | Villager (Male) |
| 16:43 | Create | Villager (Male) |
| 16:48 | Build | House |
| 16:51 | Build | House |
| 17:14 | Build | Farm |
Build order — Sapfiros
First 150 of 261 actions detected
| 0:00 | Create | Villager (Male) |
| 0:02 | Build | House |
| 0:04 | Build | House |
| 0:07 | Create | Villager (Male) |
| 0:07 | Create | Villager (Male) |
| 0:20 | Create | Villager (Male) |
| 1:19 | Create | Villager (Male) |
| 1:19 | Create | Villager (Male) |
| 1:30 | Create | Villager (Male) |
| 1:30 | Create | Villager (Male) |
| 2:02 | Build | Lumber Camp |
| 2:24 | Create | Villager (Male) |
| 2:24 | Create | Villager (Male) |
| 3:18 | Create | Villager (Male) |
| 3:18 | Create | Villager (Male) |
| 3:19 | Create | Villager (Male) |
| 3:19 | Create | Villager (Male) |
| 3:51 | Build | House |
| 4:26 | Build | House |
| 4:27 | Create | Villager (Male) |
| 4:34 | Create | Villager (Male) |
| 4:56 | Build | Mining Camp |
| 5:00 | Create | Villager (Male) |
| 5:25 | Create | Villager (Male) |
| 5:52 | Research | Loom |
| 6:07 | Research | Feudal Age |
| 6:58 | Build | Barracks |
| 7:41 | Build | Palisade Wall |
| 7:43 | Build | Palisade Wall |
| 7:44 | Build | Palisade Wall |
| 8:13 | Create | Villager (Male) |
| 8:14 | Create | Villager (Male) |
| 8:27 | Age | Feudal Age |
| 8:38 | Build | Archery Range |
| 8:40 | Create | Villager (Male) |
| 9:03 | Create | Villager (Male) |
| 9:05 | Research | Double-Bit Axe |
| 9:21 | Create | Archer |
| 9:25 | Build | Mining Camp |
| 9:29 | Create | Villager (Male) |
| 9:32 | Create | Archer |
| 9:43 | Create | Villager (Male) |
| 10:03 | Create | Archer |
| 10:17 | Build | House |
| 10:18 | Build | House |
| 10:21 | Build | Blacksmith |
| 10:32 | Create | Villager (Male) |
| 10:45 | Create | Villager (Male) |
| 10:56 | Build | Outpost |
| 11:07 | Create | Archer |
| 11:13 | Create | Villager (Male) |
| 11:36 | Create | Archer |
| 11:40 | Research | Fletching |
| 11:41 | Research | Fletching |
| 11:45 | Build | Mill |
| 11:47 | Build | House |
| 11:48 | Create | Villager (Male) |
| 11:51 | Create | Skirmisher |
| 12:00 | Create | Villager (Male) |
| 12:19 | Create | Skirmisher |
| 12:28 | Build | House |
| 12:29 | Create | Skirmisher |
| 13:01 | Create | Skirmisher |
| 13:17 | Create | Skirmisher |
| 13:21 | Build | House |
| 13:22 | Build | House |
| 13:22 | Create | Villager (Male) |
| 13:22 | Create | Villager (Male) |
| 13:24 | Build | Farm |
| 13:24 | Build | Farm |
| 13:24 | Build | Farm |
| 13:24 | Build | Farm |
| 13:36 | Create | Villager (Male) |
| 13:41 | Create | Villager (Male) |
| 13:42 | Create | Archer |
| 13:42 | Create | Archer |
| 13:48 | Build | Farm |
| 13:49 | Build | Farm |
| 14:16 | Create | Archer |
| 14:21 | Build | Farm |
| 14:21 | Build | Farm |
| 14:22 | Build | Farm |
| 14:37 | Create | Villager (Male) |
| 14:43 | Build | Farm |
| 14:45 | Build | Farm |
| 15:18 | Build | Market |
| 15:19 | Create | Archer |
| 15:33 | Create | Archer |
| 15:39 | Create | Villager (Male) |
| 15:40 | Create | Villager (Male) |
| 15:44 | Build | Palisade Wall |
| 15:46 | Build | Palisade Wall |
| 15:48 | Build | Palisade Wall |
| 16:25 | Create | Archer |
| 16:44 | Create | Villager (Male) |
| 16:44 | Create | Villager (Male) |
| 16:46 | Build | Farm |
| 17:08 | Create | Archer |
| 17:29 | Create | Villager (Male) |
| 17:58 | Build | House |
| 18:19 | Build | House |
| 18:36 | Research | Castle Age |
| 18:36 | Research | Castle Age |
| 18:38 | Build | Archery Range |
| 18:45 | Create | Archer |
| 18:56 | Build | Lumber Camp |
| 19:29 | Create | Villager (Male) |
| 19:30 | Create | Villager (Male) |
| 19:36 | Build | House |
| 19:37 | Build | House |
| 19:45 | Create | Archer |
| 19:47 | Create | Archer |
| 20:35 | Research | Horse Collar |
| 20:37 | Create | Archer |
| 21:16 | Age | Castle Age |
| 21:19 | Build | Siege Workshop |
| 21:21 | Research | Crossbowman (upgrade) |
| 21:22 | Research | Bodkin Arrow |
| 22:18 | Create | Battering Ram |
| 22:21 | Create | Villager (Male) |
| 22:22 | Create | Villager (Male) |
| 22:38 | Build | Town Center |
| 23:12 | Create | Villager (Male) |
| 23:30 | Build | Market |
| 24:04 | Create | Villager (Male) |
| 24:04 | Create | Archer |
| 24:33 | Create | Archer |
| 25:28 | Create | Battering Ram |
| 25:28 | Create | Battering Ram |
| 25:31 | Create | Archer |
| 25:31 | Create | Archer |
| 25:53 | Create | Battering Ram |
| 25:55 | Create | Archer |
| 25:55 | Create | Archer |
| 26:05 | Build | Farm |
| 26:08 | Create | Archer |
| 26:19 | Create | Villager (Male) |
| 26:19 | Create | Villager (Male) |
| 26:23 | Create | Archer |
| 26:39 | Create | Archer |
| 26:39 | Create | Archer |
| 26:44 | Build | Farm |
| 27:00 | Create | Villager (Male) |
| 27:00 | Create | Villager (Male) |
| 27:26 | Create | Villager (Male) |
| 27:27 | Create | Villager (Male) |
| 27:28 | Create | Archer |
| 27:29 | Create | Archer |
| 28:01 | Create | Archer |
| 28:34 | Create | Archer |
Match timeline
| 5:48 | 新竹 · wall_segment Palisade Wall x1 |
| 6:58 | Sapfiros · first_building Barracks |
| 7:41 | Sapfiros · wall_segment Palisade Wall x1 |
| 7:41 | 新竹 · first_building Barracks |
| 7:43 | Sapfiros · wall_segment Palisade Wall x1 |
| 7:44 | Sapfiros · wall_segment Palisade Wall x1 |
| 8:27 | Sapfiros · age_up feudal |
| 8:38 | Sapfiros · first_building Archery Range |
| 9:01 | 新竹 · age_up feudal |
| 9:54 | 新竹 · wall_segment Palisade Wall x2 |
| 9:55 | 新竹 · wall_segment Palisade Wall x2 |
| 10:56 | 新竹 · first_building Archery Range |
| 15:44 | Sapfiros · wall_segment Palisade Wall x1 |
| 15:46 | Sapfiros · wall_segment Palisade Wall x1 |
| 15:48 | Sapfiros · wall_segment Palisade Wall x1 |
| 16:23 | Sapfiros · first_market_sell 100 wood |
| 16:49 | Sapfiros · first_market_buy 100 food |
| 21:16 | Sapfiros · age_up castle |
| 21:19 | Sapfiros · first_building Siege Workshop |
| 24:45 | 新竹 · first_building Stable |
| 27:11 | 新竹 · age_up castle |
| 30:51 | 新竹 · first_building Siege Workshop |
| 31:36 | 新竹 · first_building Monastery |
| 31:41 | 新竹 · first_market_buy 100 wood |
| 38:01 | 新竹 · first_building Castle |
| 38:11 | Sapfiros · resign |
[ AI ANALYSIS · 1 CREDIT ]
What really happened in this match?
Wolo.gg analyzes every decision: build order, eco, micro, common mistakes by bracket. Personalized analysis on WhatsApp or Discord in 30 seconds.
Civ guide
Japanese
Perfil
Jugador #14547856